 Dungeon Crawl Stone Soup version 0.15-a0-35-ga771cbd (webtiles) character file.

151 4tharraofdagon the Chopper (level 4, -1/40 HPs)
             Began as a Deep Dwarf Gladiator on Apr 2, 2014.
             Slain by an orc
             ... wielding a +1,+2 whip of electrocution
              (18 damage)
             ... on Level 4 of the Dungeon.
             The game lasted 00:01:33 (343 turns).

4tharraofdagon the Chopper (Deep Dwarf Gladiator)    Turns: 343, Time: 00:01:33

HP  -1/40        AC  5     Str 19      XL: 4   Next: 53%
MP   4/4         EV 12     Int  9      God:
Gold 46          SH  0     Dex 13      Spells:  0 memorised,  3 levels left

rFire  . . .     SeeInvis .     a - +0 war axe
rCold  . . .     Clarity  .     b - +0 leather armour
rNeg   . . .     Conserve .     (no shield)
rPois  .         rCorr    .     c - +0 helmet
rElec  .         rRot     .     h - +0 cloak
SustAb . .       Spirit   .     (no gloves)
rMut   .         Warding  .     (no boots)
Saprov . . .     Stasis   .     (no amulet)
MR     .....                    (no ring)
                                (no ring)

@: non-regenerating, not resistant to hostile enchantments, very unstealthy
A: damage resistance, recharge devices, sense surroundings 1, slow healing 3
a: Device Recharging


You were on level 4 of the Dungeon.
You were not hungry.

You visited 1 branch of the dungeon, and saw 4 of its levels.

You collected 46 gold pieces.

Inventory:

Hand weapons
 a - a +0,+0 war axe (weapon)
Missiles
 d - 2 throwing nets (quivered)
Armour
 b - a +0 leather armour (worn)
 c - a +0 helmet (worn)
 h - a +0 cloak (worn)
Magical devices
 e - a wand of heal wounds (5)
Comestibles
 f - a bread ration
 i - a meat ration
Scrolls
 g - a scroll of remove curse {unknown}
 j - a scroll of identify {unknown}
 k - a scroll of amnesia {unknown}
Potions
 l - a potion of lignification {unknown}


   Skills:
 + Level 2.4 Fighting
 * Level 4.8 Axes
 - Level 1.7 Throwing
 + Level 2.1 Armour
 - Level 3.2 Dodging


You had 3 spell levels left.
You didn't know any spells.

Dungeon Overview and Level Annotations

Branches:
Dungeon (4/15)
 Temple: D:4-7

Altars:
Ashenzari


Innate Abilities, Weirdness & Mutations

You are resistant to damage.
You can recharge devices by infusing magical energy.
You passively map a small area around you.
You do not heal naturally.


Message History

You slice the orc wizard like a ripe choko!
The orc wizard is heavily wounded!
The orc wizard hits you with a dagger!
You chop the orc wizard into pieces!
The orc wizard is almost dead!
The orc wizard hits you but does no damage!
You carve the orc but do no damage! You completely miss the orc wizard!
The orc wizard is almost dead!
The orc wizard hits you but does no damage!
The orc hits you but does no damage!
You slice the orc wizard like a ripe choko!!!
You annihilate the orc wizard!!!
You cut the orc into ribbons!
The orc is almost dead!
The orc closely misses you! The orc hits you with a glowing whip!
The orc hits you!
You barely miss the orc! x2
The orc is almost dead!
The orc hits you with a glowing whip!
You are electrocuted!!!
You die!!!

,#.#.# , #.#.# ,* , *
#.#.#, , * , , #.#.#
#* , , , #.#.##.#* ###
* * #.#..., ,....
#########.#.#####.[...
, ........<........#.#
* #########.###.@....#
, #.# #.oo...# * * **
*#.# #........., * *,
#.# ####.##### , #.#
.# , #.# <., , #.#
**,#. ,, ... *. * * ,


You could see 2 orcs.

Vanquished Creatures
  Crazy Yiuf (D:3)
  Natasha (D:3)
  An orc wizard (D:4)
  2 adders (D:3)
  An orc (D:3)
  A bat (D:3)
  2 goblins (D:1)
  2 hobgoblins (D:1)
  A giant gecko (D:1)
  A kobold (D:1)
  A fungus (D:3)
14 creatures vanquished.

Notes
Turn   | Place    | Note
--------------------------------------------------------------
     0 | D:1      | 4tharraofdagon, the Deep Dwarf Gladiator, began the quest for the Orb.
     0 | D:1      | Reached XP level 1. HP: 19/19 MP: 1/1
    93 | D:1      | Found a shattered altar of Ashenzari.
   112 | D:1      | You fall through a shaft!
   152 | D:3      | Reached XP level 2. HP: 13/26 MP: 2/2
   173 | D:3      | Noticed Crazy Yiuf
   184 | D:3      | Killed Crazy Yiuf
   184 | D:3      | Reached skill level 4 in Axes
   184 | D:3      | Reached skill level 1 in Armour
   184 | D:3      | Reached XP level 3. HP: 11/32 MP: 3/3
   269 | D:3      | Noticed Natasha
   278 | D:3      | Killed Natasha
   278 | D:3      | Reached XP level 4. HP: 26/40 MP: 4/4
   343 | D:4      | Slain by an orc

Action                   |  1- 3 |  4- 6 || total
-------------------------+-------+-------++-------
Melee: War axe           |    56 |     5 ||    61
Throw: Throwing net      |     1 |       ||     1
  Use: Potion            |     1 |       ||     1
